 Dungeon Crawl Stone Soup version 0.23.2-33-g5129a83184 (webtiles) character file.

Game seed: 618505638130170304

6498 AarnesTheHuman the Fighter (level 11, 0/93 HPs)
             Began as a Barachi Fighter on Aug 7, 2019.
             Was a Believer of Ashenzari.
             Slain by Snorg (5 damage)
             ... on level 10 of the Dungeon.
             The game lasted 00:29:03 (10622 turns).

AarnesTheHuman the Fighter (Barachi Fighter)       Turns: 10622, Time: 00:29:03

Health: 0/93       AC: 12    Str: 20    XL:     11   Next: 0%
Magic:  20/20      EV: 13    Int:  8    God:    Ashenzari [**....]
Gold:   561        SH: 15    Dex: 13    Spells: 10/10 levels left

rFire    . . .     SeeInvis .   m - +2 dagger (venom)
rCold    . . .     Gourm    .   c - +3 shield (curse)
rNeg     . . .     Faith    .   b - +0 scale mail
rPois    .         Spirit   .   r - +0 helmet (curse)
rElec    .         Reflect  .   (no cloak)
rCorr    .         Harm     .   x - +0 pair of gloves (curse)
MR       .....                  (no boots)
Stlth    ..........             (no amulet)
HPRegen  0.25/turn              g - ring of magical power
MPRegen  0.17/turn              B - +4 ring of evasion

@: can't hop, berserk cooldown, slow
A: +LOS, swims, slowness 1, strong legs 1
a: Hop, Curse Item, Scrying, Renounce Religion


You were on level 10 of the Dungeon.
You worshipped Ashenzari.
Ashenzari was pleased with you.
You were not hungry.

You visited 2 branches of the dungeon, and saw 11 of its levels.
You also visited: Ossuary.

You collected 561 gold pieces.

Inventory:

Hand Weapons
 a - a +0 long sword
 d - a +0 flail of protection
 m - a +2 dagger of venom (weapon)
 z - a +2 dagger of speed
 E - a +4 falchion of draining
 F - a +2 dagger of freezing
 K - a +3 spear of venom
Armour
 b - a +0 scale mail (worn)
 c - a cursed +3 shield (worn)
 r - a cursed +0 helmet (worn)
 x - a cursed +0 pair of gloves (worn)
 G - a +2 leather armour of poison resistance
Jewellery
 g - a ring of magical power (left hand)
 A - an uncursed ring of ice
 B - a +4 ring of evasion (right hand)
 J - an uncursed ring of flight
Scrolls
 j - 6 scrolls of teleportation
 l - 3 scrolls of remove curse
 q - a scroll of amnesia
 s - a scroll of magic mapping
 y - 2 scrolls of enchant weapon {unknown}
 D - a scroll of fog
 H - a scroll of blinking {unknown}
 I - a scroll of immolation {unknown}
Potions
 e - 2 potions of agility
 h - 2 potions of mutation
 i - a potion of resistance {unknown}
 k - 8 potions of curing
 n - 3 potions of brilliance
 o - a potion of heal wounds {unknown}
 p - a potion of invisibility {unknown}
 t - 2 potions of cancellation
 u - 3 potions of haste {unknown}
 v - 2 potions of flight
 C - a potion of ambrosia {unknown}
 L - a potion of lignification {unknown}
Comestibles
 f - 17 rations
 M - 2 chunks of flesh


   Skills:
 + Level 11.5 Fighting
 + Level 2.6(3.2) Short Blades
 - Level 2.8(3.5) Long Blades
 + Level 11.4 Armour
 + Level 10.6(11.9) Shields


You had 10 spell levels left.
You didn't know any spells.
Your spell library contained the following spells:

 Spells                   Type           Power        Failure   Level  Hunger
 Beastly Appendage        Tmut           #.....       83%         1    ##.....
 Sticks to Snakes         Tmut           #.......     92%         2    ###....
 Spider Form              Tmut/Pois      #.........   99%         3    ####...
 Ice Form                 Ice/Tmut       #.......     100%        4    #####..
 Blade Hands              Tmut           #.........   100%        5    ######.


Dungeon Overview and Level Annotations

Branches:
Dungeon (10/15)            Temple (1/1) D:4            Lair (0/6) D:8
    Orc: D:9-12

Altars:
Ashenzari
Cheibriados
Dithmenos
Elyvilon
Fedhas
Gozag
Hepliaklqana
Kikubaaqudgha
Makhleb
Nemelex Xobeh
Okawaru
Qazlal
Ru
Sif Muna
Trog
Uskayaw
Vehumet
Wu Jian
Xom
Yredelemnul
Zin
The Shining One

Shops:
D:6 %   D:7 %

Portals:
Trove: D:10 (show slimy rune of Zot)

Annotations:
D:10 Snorg


Innate Abilities, Weirdness & Mutations

Shadows flee at your approach. (+LOS)
You can swim through water.
You cover ground slowly.
You can hop short distances.


Message History

Snorg is severely wounded.
Snorg bites you but does no damage. Snorg claws you but does no damage. x2
You block Snorg's attack. Snorg misses you. Snorg claws you.
You hit Snorg.
Snorg is severely wounded.
You block Snorg's attack. x4; Snorg claws you!
You block Snorg's attack.
You feel better. You block Snorg's attack. Snorg completely misses you.
You block Snorg's attack. Snorg bites you!! You block Snorg's attack.
Snorg closely misses you. x2; Snorg claws you!
* * * LOW HITPOINT WARNING * * *
Snorg claws you.
* * * LOW HITPOINT WARNING * * *
Unknown command.
Your magical effects are unravelling.
You feel magically purged.
You feel yourself speed up.
You feel a little less agile now. Snorg bites you!
* * * LOW HITPOINT WARNING * * *
Snorg closely misses you. Snorg claws you.
You die...

#...........# ##.##########
#..### ##<..### ###...#
###.# #######'####
##########....<.....#
######.......T@....).....#
###......########...)[.[...#
..รท.###### #......)...#
##### #.....)....#
#..........# #........(.#
#..........# #..........#
#...>......#


You could see Snorg (berserk).

Vanquished Creatures
  2 two-headed ogres
  A troll (D:9)
  3 yaks (D:9)
  Grum (D:10)
  Edmund (D:4)
  A water moccasin (D:9)
  A sky beast (D:9)
  A black bear (D:9)
  4 orc warriors
  3 ice beasts
  3 ogres
  A necrophage (D:8)
  3 wolves
  4 bullfrogs
  2 gnoll sergeants
  4 water moccasin zombies (Ossuary)
  4 scorpions
  2 howler monkeys
  3 crimson imps
  3 centaur zombies
  A bullfrog zombie (D:5)
  5 orc priests
  6 hounds
  5 jellies
  13 orc wizards
  3 bullfrog skeletons
  4 iguanas
  6 worker ants
  A big kobold zombie (Ossuary)
  3 mummies
  12 adders
  13 gnolls
  5 shadow imps
  5 oozes (D:10)
  2 adder skeletons
  7 adder zombies
  A worm (D:4)
  3 dart slugs
  7 leopard geckos
  37 orcs
  4 giant cockroaches
  11 goblins
  8 hobgoblins
  13 jackals
  3 kobolds
  3 quokkas
  7 bats
  7 frilled lizards
  5 hobgoblin zombies (Ossuary)
  6 kobold zombies (Ossuary)
  2 orc zombies (Ossuary)
  A quokka skeleton (D:7)
  A quokka zombie (D:7)
  7 rats
264 creatures vanquished.

Notes
Turn   | Place    | Note
-------+----------+-------------------------------------------
     0 | D:1      | AarnesTheHuman the Barachi Fighter began the quest for the
                  | Orb.
     0 | D:1      | Reached XP level 1. HP: 18/18 MP: 1/1
    53 | D:1      | Reached XP level 2. HP: 5/25 MP: 2/2
   484 | D:1      | Reached XP level 3. HP: 22/30 MP: 3/3
   801 | D:2      | Found an opulent altar of Gozag.
   854 | D:2      | Reached XP level 4. HP: 36/38 MP: 4/4
  1698 | D:3      | Found a blossoming altar of Fedhas.
  1698 | D:3      | Found a stormy altar of Qazlal.
  1771 | D:3      | Reached XP level 5. HP: 43/43 MP: 5/5
  1897 | D:3      | Reached skill level 5 in Fighting
  2423 | D:4      | Reached skill level 5 in Armour
  2439 | D:4      | Noticed Edmund
  2455 | D:4      | Killed Edmund
  2455 | D:4      | Reached skill level 5 in Shields
  2455 | D:4      | Reached XP level 6. HP: 38/51 MP: 6/6
  2485 | D:4      | Found a sand-covered staircase.
  2556 | Ossuary  | Entered an ossuary
  2718 | Ossuary  | Reached XP level 7. HP: 36/58 MP: 7/7
  3275 | D:4      | Found an iron altar of Okawaru.
  3291 | D:4      | Found a staircase to the Ecumenical Temple.
  3354 | Temple   | Entered the Ecumenical Temple
  3443 | Temple   | Became a worshipper of Ashenzari the Shackled
  3983 | D:5      | Entered Level 5 of the Dungeon
  4164 | D:5      | Found a radiant altar of Vehumet.
  4205 | D:5      | Reached XP level 8. HP: 67/67 MP: 8/8
  5140 | D:6      | Reached * piety under Ashenzari
  5346 | D:6      | Found Raill's Food Emporium.
  5858 | D:6      | Reached XP level 9. HP: 75/75 MP: 9/9
  6820 | D:7      | Found a hazy altar of Hepliaklqana.
  6885 | D:7      | Found Kean's Food Shoppe.
  7188 | D:8      | Reached ** piety under Ashenzari
  7221 | D:8      | Noticed a two-headed ogre
  7244 | D:8      | Killed a two-headed ogre
  7244 | D:8      | Reached skill level 10 in Fighting
  7244 | D:8      | Reached skill level 10 in Armour
  7244 | D:8      | Reached XP level 10. HP: 40/84 MP: 10/10
  7846 | D:8      | Found a staircase to the Lair.
  8844 | D:9      | Reached skill level 10 in Shields
  9159 | D:9      | Noticed a two-headed ogre
  9182 | D:9      | Killed a two-headed ogre
  9182 | D:9      | Reached skill level 1 in Short Blades
  9314 | D:10     | Entered Level 10 of the Dungeon
 10278 | D:10     | Found a portal to a secret trove of treasure.
 10315 | D:10     | Noticed Grum
 10500 | D:10     | Killed Grum
 10500 | D:10     | Reached XP level 11. HP: 92/92 MP: 11/11
 10582 | D:10     | Noticed Snorg
 10622 | D:10     | Slain by Snorg

Skill      XL: |  1  2  3  4  5  6  7  8  9 10 |
---------------+-------------------------------+-----
Fighting       | 4 5 6 7 8 10 11 | 11.5
Armour         | 4 5 6 8 10 11 | 11.4
Shields        | 4 5 6 7 9 10 | 10.6
Short Blades   | 2 |  2.6
Long Blades    | |  2.8

Action                   |  1- 3 |  4- 6 |  7- 9 | 10-12 || total
-------------------------+-------+-------+-------+-------++-------
Melee: Long sword        |    27 |       |       |       ||    27
       Dagger            |    68 |   129 |   568 |   541 ||  1306
       Flail             |       |    47 |   117 |       ||   164
Invok: Curse Item        |       |       |     3 |       ||     3
 Abil: Hop               |       |       |       |     2 ||     2
  Use: Potion            |       |     1 |     2 |     5 ||     8
       Scroll            |       |       |    17 |       ||    17
  Eat: Chunk             |       |     7 |    10 |    13 ||    30
       Ration            |       |       |     2 |       ||     2
Armor: Scale mail        |    69 |    80 |   195 |   101 ||   445
Dodge: Dodged            |    34 |    51 |   227 |   167 ||   479
Block: Shield            |    47 |    86 |   368 |   382 ||   883
       Rpst.: Long sword |     6 |       |       |       ||     6
